MLB
MIAMI MARLINS @ ST. LOUIS CARDINALS
07/28/2049
 
TOP OF THE 1ST
Miami Marlins batting - Pitching for St. Louis Cardinals : LHP Tsugunosuke Murakami
Pitching: LHP Tsugunosuke Murakami
Batting: RHB Roger Salazar 0-0: Ball
1-0: Foul Ball, location: 2F
1-1: Ball
2-1: Ground out 5-3 (Groundball, 56, EV 105.6 MPH)
Batting: RHB Bert Clark 0-0: Ball
1-0: Ball
2-0: Ground out 4-3 (Groundball, 4M, EV 96.2 MPH)
Batting: LHB Andre Gorter 0-0: Foul Ball, location: 2F
0-1: Ground out 4-3 (Groundball, 4, EV 84.4 MPH)
Top of the 1st over - 0 runs, 0 hits, 0 errors, 0 left on base; Miami 0 - St. Louis 0
BOTTOM OF THE 1ST
St. Louis Cardinals batting - Pitching for Miami Marlins : LHP Matt Payne
Pitching: LHP Matt Payne
Batting: SHB Chris Blue 0-0: Ball
1-0: Ball
2-0: Ball
3-0: Called Strike
3-1: Ground out 5-3 (Groundball, 56, EV 103.8 MPH)
Batting: RHB Melvin Enriquez 0-0: Ball
1-0: Ball
2-0: Ball
3-0: Base on Balls
Batting: SHB Antoine Roux 0-0: Called Strike
0-1: Ball
1-1: Called Strike
1-2: Grounds into double play, 6-4-3 (Groundball, 56, EV 86.2 MPH)
Bottom of the 1st over - 0 runs, 0 hits, 0 errors, 0 left on base; Miami 0 - St. Louis 0
TOP OF THE 2ND
Miami Marlins batting - Pitching for St. Louis Cardinals : LHP Tsugunosuke Murakami
Batting: RHB Jimmy Groseclose 0-0: Called Strike
0-1: Called Strike
0-2: Ball
1-2: Strikes out swinging
Batting: RHB Mike Gar 0-0: Ground out 2-3 (Groundball, 2R, EV 71.9 MPH)
Batting: RHB Tony Stedman 0-0: Ball
1-0: Swinging Strike
1-1: Ball
2-1: Ball
3-1: Swinging Strike
3-2: Base on Balls
Batting: RHB Alberto Cotto 0-0: Called Strike
0-1: Foul Ball, location: 2F
0-2: Foul Ball, location: 2F
0-2: Ball
1-2: Ball
2-2: Foul Ball, location: 2F
2-2: Strikes out looking
Top of the 2nd over - 0 runs, 0 hits, 0 errors, 1 left on base; Miami 0 - St. Louis 0
BOTTOM OF THE 2ND
St. Louis Cardinals batting - Pitching for Miami Marlins : LHP Matt Payne
Batting: RHB Danny Gallo 0-0: SINGLE (Flyball, 9LS, EV 90.0 MPH)
Batting: LHB Ichiro Toyota 0-0: Called Strike
0-1: Ball
1-1: Ball
2-1: Called Strike
2-2: Ball
3-2: Base on Balls
Danny Gallo to second
Batting: RHB Tyler Walker 0-0: Grounds into double play, 4-6-3 (Groundball, 4M, EV 81.2 MPH)
Danny Gallo to third
Batting: SHB Jason Kirby 0-0: Swinging Strike
0-1: Swinging Strike
0-2: Strikes out swinging
Bottom of the 2nd over - 0 runs, 1 hit, 0 errors, 1 left on base; Miami 0 - St. Louis 0
TOP OF THE 3RD
Miami Marlins batting - Pitching for St. Louis Cardinals : LHP Tsugunosuke Murakami
Batting: RHB Steve Barnard 0-0: Called Strike
0-1: Ball
1-1: Ball
2-1: Ball
3-1: Called Strike
3-2: Base on Balls
Batting: RHB Willie Chavez 0-0: Called Strike
0-1: Swinging Strike
0-2: Ball
1-2: Fly out, F9 (Line Drive, 9LM, EV 96.9 MPH)
Batting: RHB Roger Salazar 0-0: Called Strike
0-1: SINGLE (Line Drive, 8RS, EV 101.9 MPH)
Steve Barnard to second
Batting: RHB Bert Clark 0-0: Ball
1-0: Called Strike
1-1: Ball
2-1: Ball
3-1: Foul Ball, location: 2F
3-2: Foul Ball, location: 2F
3-2: Fly out, F2 (Popup, 23F, EV 85.0 MPH)
Batting: LHB Andre Gorter 0-0: Ball
1-0: Called Strike
1-1: Swinging Strike
1-2: Ball
2-2: Strikes out looking
Top of the 3rd over - 0 runs, 1 hit, 0 errors, 2 left on base; Miami 0 - St. Louis 0
BOTTOM OF THE 3RD
St. Louis Cardinals batting - Pitching for Miami Marlins : LHP Matt Payne
Batting: SHB Harry Hoop 0-0: Ball
1-0: Ball
2-0: Ball
3-0: Base on Balls
Batting: LHB Armando Carbajal 0-0: Ball
1-0: Hit by Pitch
Harry Hoop to second
Batting: SHB Chris Blue 0-0: Ball
1-0: Ball
2-0: Grounds into double play, 5-4-3 (Groundball, 56S, EV 84.4 MPH)
Harry Hoop to third
Batting: RHB Melvin Enriquez 0-0: Ball
1-0: Ground out 3-1 (Groundball, 34, EV 86.2 MPH)
Bottom of the 3rd over - 0 runs, 0 hits, 0 errors, 1 left on base; Miami 0 - St. Louis 0
TOP OF THE 4TH
Miami Marlins batting - Pitching for St. Louis Cardinals : LHP Tsugunosuke Murakami
Batting: RHB Jimmy Groseclose 0-0: Ball
1-0: Foul Ball, location: 2F
1-1: Foul Ball, location: 2F
1-2: Strikes out looking
Batting: RHB Mike Gar 0-0: Ground out 4-3 (Groundball, 34, EV 80.6 MPH)
Batting: RHB Tony Stedman 0-0: Foul Ball, location: 2F
0-1: Ball
1-1: Foul Ball, location: 2F
1-2: SOLO HOME RUN (Flyball, 78XD, EV 97.5 MPH), Distance : 383 ft
Batting: RHB Alberto Cotto 0-0: Foul Ball, location: 2F
0-1: Foul Ball, location: 2F
0-2: Ball
1-2: Fly out, F9 (Flyball, 9D, EV 96.2 MPH)
Top of the 4th over - 1 run, 1 hit, 0 errors, 0 left on base; Miami 1 - St. Louis 0
BOTTOM OF THE 4TH
St. Louis Cardinals batting - Pitching for Miami Marlins : LHP Matt Payne
Batting: SHB Antoine Roux 0-0: Ball
1-0: SINGLE (Line Drive, 9LS, EV 105.0 MPH)
Batting: RHB Danny Gallo 0-0: Ball
Wild Pitch!
Antoine Roux to second
1-0: Ball
2-0: Foul Ball, location: 2F
2-1: Foul Ball, location: 2F
2-2: Ground out U3 (Groundball, 3, EV 83.8 MPH)
Antoine Roux to third
Batting: LHB Ichiro Toyota 0-0: Called Strike
0-1: SINGLE (Line Drive, 6M, EV 95.6 MPH)
Antoine Roux scores
DELAY Rain delay of 54 minutes in the 4th inning.
Batting: RHB Tyler Walker 0-0: Called Strike
Ichiro Toyota steals 2nd base
0-1: Ball
1-1: Foul Ball, location: 2F
1-2: Ball
2-2: SINGLE (Groundball, 6MD, EV 106.2 MPH)
Ichiro Toyota to third
Runner from 3rd tries for Home, SAFE, throw by CF to home
Batting: SHB Jason Kirby 0-0: Ball
Tyler Walker is caught stealing 2nd base 2-4
1-0: Called Strike
1-1: Fly out, F7 (Flyball, 7, EV 93.1 MPH)
Bottom of the 4th over - 2 runs, 3 hits, 0 errors, 0 left on base; Miami 1 - St. Louis 2
TOP OF THE 5TH
Miami Marlins batting - Pitching for St. Louis Cardinals : LHP Tsugunosuke Murakami
Batting: RHB Steve Barnard 0-0: Ball
1-0: Foul Ball, location: 2F
1-1: Ground out 4-3 (Groundball, 4, EV 86.9 MPH)
Batting: RHB Willie Chavez 0-0: Ball
1-0: Ball
2-0: Swinging Strike
2-1: Ball
3-1: Base on Balls
Batting: RHB Roger Salazar 0-0: Ball
1-0: Foul Ball, location: 2F
1-1: Foul Ball, location: 2F
1-2: Strikes out swinging
Batting: RHB Bert Clark 0-0: 2-RUN HOME RUN (Flyball, 7D, EV 98.1 MPH), Distance : 380 ft
Batting: LHB Andre Gorter 0-0: Ball
1-0: Foul Ball, location: 2F
1-1: Ball
2-1: Called Strike
2-2: Foul Ball, location: 2F
2-2: TRIPLE (Flyball, 7D, EV 103.1 MPH)
Batting: RHB Jimmy Groseclose 0-0: Called Strike
0-1: Ball
1-1: Swinging Strike
1-2: Foul Ball, location: 2F
1-2: Ball
2-2: Strikes out swinging
Top of the 5th over - 2 runs, 2 hits, 0 errors, 1 left on base; Miami 3 - St. Louis 2
BOTTOM OF THE 5TH
St. Louis Cardinals batting - Pitching for Miami Marlins : LHP Matt Payne
Batting: SHB Harry Hoop 0-0: Called Strike
0-1: Ball
1-1: Ball
2-1: Ball
3-1: Fly out, F7 (Flyball, 78M, EV 94.4 MPH)
Batting: LHB Armando Carbajal 0-0: Ball
1-0: Ball
2-0: Ball
3-0: Base on Balls
Batting: SHB Chris Blue 0-0: Ball
1-0: Ball
2-0: Ball
3-0: Base on Balls
Armando Carbajal to second
Batting: RHB Melvin Enriquez 0-0: Ball
1-0: Ball
2-0: Called Strike
2-1: Called Strike
2-2: Ball
3-2: Base on Balls
Armando Carbajal to third
Chris Blue to second
Batting: SHB Antoine Roux 0-0: Ball
1-0: Ball
2-0: Grounds into fielders choice 3-2 (Groundball, 34S, EV 85.0 MPH)
Chris Blue to third
Melvin Enriquez to second
Batting: RHB Danny Gallo 0-0: Foul Ball, location: 2F
0-1: Foul Ball, location: 2F
0-2: Foul Ball, location: 2F
0-2: Fielders Choice at 2nd, 6-4 (Groundball, 6, EV 80.0 MPH)
Bottom of the 5th over - 0 runs, 0 hits, 0 errors, 3 left on base; Miami 3 - St. Louis 2
TOP OF THE 6TH
Miami Marlins batting - Pitching for St. Louis Cardinals : LHP Tsugunosuke Murakami
Batting: RHB Mike Gar 0-0: DOUBLE (Line Drive, 89XD, EV 106.9 MPH)
Batting: RHB Tony Stedman 0-0: Ball
1-0: Fly out, F9 (Flyball, 9D, EV 81.2 MPH)
Runner from 2nd tags up, SAFE at 3rd, no throw by RF
Batting: RHB Alberto Cotto 0-0: Ball
1-0: Ball
2-0: Ball
3-0: Called Strike
3-1: Base on Balls
Batting: RHB Steve Barnard 0-0: Foul Ball, location: 2F
0-1: Ball
Alberto Cotto is caught stealing 2nd base 2-4
1-1: Ball
2-1: Swinging Strike
2-2: Strikes out swinging
Top of the 6th over - 0 runs, 1 hit, 0 errors, 1 left on base; Miami 3 - St. Louis 2
BOTTOM OF THE 6TH
St. Louis Cardinals batting - Pitching for Miami Marlins : LHP Matt Payne
Batting: LHB Ichiro Toyota 0-0: Ball
1-0: Called Strike
1-1: Ball
2-1: Swinging Strike
2-2: Ball
3-2: Foul Ball, location: 2F
3-2: Foul Ball, location: 2F
3-2: SINGLE (Line Drive, 6D, EV 101.2 MPH)
Batting: RHB Tyler Walker 0-0: Ball
1-0: Called Strike
1-1: Called Strike
1-2: Grounds into double play, 4-6-3 (Groundball, 4M, EV 99.4 MPH)
Batting: SHB Jason Kirby 0-0: Called Strike
0-1: Ground out 5-3 (Groundball, 56, EV 81.9 MPH)
Bottom of the 6th over - 0 runs, 1 hit, 0 errors, 0 left on base; Miami 3 - St. Louis 2
TOP OF THE 7TH
Miami Marlins batting - Pitching for St. Louis Cardinals : LHP Tsugunosuke Murakami
Pitching: LHP Nate Crow
Batting: RHB Willie Chavez 0-0: Called Strike
0-1: Ball
1-1: Swinging Strike
1-2: Ball
2-2: Foul Ball, location: 2F
2-2: Foul Ball, location: 2F
2-2: Ball
3-2: Foul Ball, location: 2F
3-2: Foul Ball, location: 2F
3-2: Strikes out swinging
Batting: RHB Roger Salazar 0-0: Called Strike
0-1: Foul Ball, location: 2F
0-2: Ball
1-2: Ground out 1-3 (Groundball, 13S, EV 68.8 MPH)
Batting: RHB Bert Clark 0-0: Ball
1-0: Foul Ball, location: 2F
1-1: Called Strike
1-2: Ground out 4-3 (Groundball, 4S, EV 77.5 MPH)
Top of the 7th over - 0 runs, 0 hits, 0 errors, 0 left on base; Miami 3 - St. Louis 2
BOTTOM OF THE 7TH
St. Louis Cardinals batting - Pitching for Miami Marlins : LHP Matt Payne
Batting: SHB Harry Hoop 0-0: Ball
1-0: Fly out, F8 (Flyball, 8RM, EV 73.1 MPH)
Batting: LHB Armando Carbajal 0-0: Ball
1-0: Ground out 1-3 (Groundball, 13, EV 69.4 MPH)
Batting: SHB Chris Blue 0-0: Ball
1-0: Ball
2-0: Called Strike
2-1: Ball
3-1: Foul Ball, location: 2F
3-2: Foul Ball, location: 2F
3-2: Foul Ball, location: 2F
3-2: Foul Ball, location: 2F
3-2: Base on Balls
Pitching: RHP Pharamond Lestrange
Batting: RHB Melvin Enriquez 0-0: Ball
1-0: Ball
2-0: Foul Ball, location: 2F
2-1: Swinging Strike
2-2: Foul Ball, location: 2F
2-2: Ball
3-2: Foul Ball, location: 2F
3-2: Strikes out swinging
Bottom of the 7th over - 0 runs, 0 hits, 0 errors, 1 left on base; Miami 3 - St. Louis 2
TOP OF THE 8TH
Miami Marlins batting - Pitching for St. Louis Cardinals : LHP Nate Crow
Batting: LHB Andre Gorter 0-0: Ball
1-0: Called Strike
1-1: Ball
2-1: Foul Ball, location: 2F
2-2: Ball
3-2: Strikes out swinging
DELAY Rain delay of 45 minutes in the 8th inning.
Batting: RHB Jimmy Groseclose 0-0: Foul Ball, location: 2F
0-1: Called Strike
0-2: Foul Ball, location: 2F
0-2: Ball
1-2: Ball
2-2: Foul Ball, location: 2F
2-2: Foul Ball, location: 2F
2-2: Ball
3-2: Foul Ball, location: 2F
3-2: Base on Balls
Pitching: RHP Mike Pemble
Batting: RHB Mike Gar 0-0: Ball
1-0: DOUBLE (Line Drive, 7LM, EV 108.8 MPH)
Jimmy Groseclose to third
Batting: RHB Tony Stedman 0-0: Ball
1-0: Ball
2-0: Called Strike
2-1: Foul Ball, location: 2F
2-2: Strikes out swinging, 2-3 out at first.
Batting: RHB Alberto Cotto 0-0: Called Strike
0-1: Ball
1-1: Called Strike
1-2: Foul Ball, location: 2F
1-2: Ball
2-2: Foul Ball, location: 2F
2-2: Strikes out swinging
Top of the 8th over - 0 runs, 1 hit, 0 errors, 2 left on base; Miami 3 - St. Louis 2
BOTTOM OF THE 8TH
St. Louis Cardinals batting - Pitching for Miami Marlins : RHP Pharamond Lestrange
Batting: SHB Antoine Roux 0-0: SINGLE (Groundball, 56, EV 96.2 MPH)
Pinch Hitting: LHB Billy Guzman 0-0: Swinging Strike
0-1: Ball
1-1: Foul Ball, location: 2F
1-2: Strikes out looking
Batting: LHB Ichiro Toyota 0-0: Called Strike
0-1: Swinging Strike
0-2: Fly out, F8 (Line Drive, 8RM, EV 86.2 MPH)
Batting: RHB Tyler Walker 0-0: Foul Ball, location: 2F
0-1: Ball
1-1: Swinging Strike
1-2: Ball
2-2: Strikes out looking
Bottom of the 8th over - 0 runs, 1 hit, 0 errors, 1 left on base; Miami 3 - St. Louis 2
TOP OF THE 9TH
Miami Marlins batting - Pitching for St. Louis Cardinals : RHP Mike Pemble
Pitching: LHP Danny Rivera
Now in RF: Pat Sutton
Batting: RHB Steve Barnard 0-0: Called Strike
0-1: Ball
1-1: Ground out 6-3 (Groundball, 6M, EV 78.8 MPH)
Batting: RHB Willie Chavez 0-0: Called Strike
0-1: Foul Ball, location: 2F
0-2: Ball
1-2: Fly out, F1 (Line Drive, P, EV 66.2 MPH)
Batting: RHB Roger Salazar 0-0: Called Strike
0-1: SINGLE (Groundball, 34D, EV 94.4 MPH)
Batting: RHB Bert Clark 0-0: SINGLE (Groundball, 6MD, EV 107.5 MPH)
Roger Salazar to second
Batting: LHB Andre Gorter 0-0: Ball
1-0: Foul Ball, location: 2F
1-1: Ball
2-1: Fly out, F9 (Flyball, 89D, EV 100.6 MPH)
Top of the 9th over - 0 runs, 2 hits, 0 errors, 2 left on base; Miami 3 - St. Louis 2
BOTTOM OF THE 9TH
St. Louis Cardinals batting - Pitching for Miami Marlins : RHP Pharamond Lestrange
Pitching: RHP Tim Barnett
Batting: SHB Jason Kirby 0-0: Ball
1-0: Swinging Strike
1-1: Foul Ball, location: 2F
1-2: Ball
2-2: Ball
3-2: Base on Balls
Batting: SHB Harry Hoop 0-0: Sac Bunt to 15 - play at first, batter OUT! 1-3
Jason Kirby to second
Batting: LHB Armando Carbajal 0-0: Fly out, F9 (Line Drive, 89D, EV 91.2 MPH)
Batting: SHB Chris Blue 0-0: Called Strike
0-1: Ball
1-1: Ball
2-1: Foul Ball, location: 2F
2-2: Strikes out swinging, 2-3 out at first.
Bottom of the 9th over - 0 runs, 0 hits, 0 errors, 1 left on base; Miami 3 - St. Louis 2
Sunday, July 16th , 2023 - OOTP Baseball 24.6 Build 69